Map: Abyssal Reef LE

Players

Neuro - Winner!

  • Race: Zerg Zerg
  • Spawn Location: 11:00

Nistic

  • Race: Zerg Zerg
  • Spawn Location: 5:00

Event: WCS Austin 2017

VOD

Have the link to the VOD?

Description

Time

  • Played on: April 28, 2017, 2:28 p.m.
  • Length: 8:48

All games in this series

Show
View Real Time Build Order
Export as new Build Order

Neuro Zerg - Winner!

Build Orders: Hatch First 

Get SALT Encoding   

  12  0:01  Drone  
  13  0:12  Overlord  
  13  0:17  Drone  
  14  0:30  Drone x2  
  14  0:34  Drone  
  17  0:53  Hatchery  
  17  0:55  Drone  
  17  0:58  Drone  
  18  1:10  Extractor  
  17  1:13  Spawning Pool  
  17  1:16  Drone  
  17  1:20  Drone  
  18  1:28  Drone  
  19  1:39  Overlord  
  19  1:49  Drone  
  20  2:00  Queen  
  22  2:01  Zergling x2  
  22  2:04  Queen  
  22  2:05  Zergling x2  
  26  2:09  Metabolic Boost  
  26  2:12  Drone  
  26  2:15  Drone  
  28  2:25  Drone  
  28  2:26  Drone  
  30  2:33  Drone  
  31  2:39  Hatchery  
  30  2:45  Baneling Nest  
  30  2:47  Drone  
  30  2:56  Overlord  
  30  2:57  Drone  
  30  2:58  Drone  
  29  3:04  Drone  
  30  3:12  Drone x2  
  31  3:16  Drone x2  
  31  3:18  Zergling x4  
  35  3:20  Zergling x2  
  35  3:26  Zergling x4  
  38  3:30  Zergling x2  
  39  3:36  Drone  
  39  3:40  Zergling x4  
  42  3:41  Drone x2  
  44  3:49  Overlord  
  44  3:50  Queen  
  44  3:54  Baneling  
  44  3:55  Baneling  
  46  4:01  Roach Warren  
  45  4:02  Evolution Chamber  
  45  4:05  Baneling x2  
  45  4:07  Zergling x2  
  45  4:08  Zergling x6  
  47  4:17  Drone x4  
  49  4:38  Overlord x2, Hatchery  
  48  4:45  Zerg Missile Weapons Level 1  
  45  4:49  Overlord, Roach  
  45  4:50  Roach  
  48  4:55  Drone x3  
  48  4:56  Drone  
  49  5:00  Baneling x3  
  49  5:06  Drone x5  
  54  5:09  Extractor  
  53  5:19  Drone x5  
  58  5:25  Extractor  
  57  5:29  Drone x4  
  61  5:39  Lair  
  61  5:40  Drone x2  
  62  5:46  Overlord x2  
  62  5:55  Roach x5  
  72  5:59  Drone  
  72  6:00  Drone x2  
  75  6:07  Overlord  
  75  6:09  Overlord  
  75  6:12  Overlord  
  75  6:13  Pneumatized Carapace  
  75  6:16  Drone x2  
  75  6:17  Drone x2  
  79  6:19  Extractor x2  
  79  6:24  Roach  
  79  6:25  Roach x4  
  87  6:29  Overlord  
  87  6:35  Roach x3  
  87  6:36  Roach  
  95  6:46  Zergling x2  
  95  6:47  Zergling x10, Glial Reconstitution  
  101  7:00  Roach x4  
  105  7:03  Roach x3  
  101  7:09  Roach  
  101  7:10  Roach x2  
  101  7:13  Roach x2  
  94  7:17  Roach x3  
  93  7:26  Roach x4  
  86  7:30  Queen  
  86  7:33  Roach  
  81  7:38  Roach x2  
  81  7:44  Drone  
  80  7:50  Roach x5  
  90  7:54  Queen  
  90  7:56  Drone  
  90  7:57  Drone x2  
  95  8:03  Roach x2  
  93  8:08  Roach x2  
  97  8:14  Roach x2  
  101  8:21  Drone x4  
  101  8:26  Ravager  
  106  8:28  Ravager  
  106  8:31  Zergling x6  
Show
View Real Time Build Order
Export as new Build Order

Nistic Zerg 

Build Orders: Hatch First 

Get SALT Encoding   

  12  0:01  Drone  
  13  0:08  Drone  
  14  0:17  Overlord  
  14  0:20  Extractor  
  13  0:23  Drone  
  15  0:36  Drone x2  
  17  0:53  Hatchery  
  17  0:56  Drone  
  17  1:09  Spawning Pool  
  16  1:12  Extractor  
  16  1:14  Drone  
  16  1:17  Drone  
  17  1:21  Drone  
  18  1:27  Drone  
  19  1:38  Overlord  
  19  1:50  Drone  
  20  1:55  Queen  
  20  2:00  Zergling x2  
  23  2:05  Queen  
  23  2:06  Zergling x2  
  26  2:10  Drone  
  27  2:15  Metabolic Boost  
  27  2:16  Drone  
  28  2:26  Drone  
  29  2:31  Queen  
  31  2:38  Overlord  
  31  2:40  Drone, Baneling Nest  
  31  2:45  Drone  
  31  2:46  Drone  
  33  2:52  Drone  
  33  2:53  Drone  
  32  3:08  Drone x5  
  32  3:12  Zergling x4  
  39  3:19  Zergling x2  
  41  3:20  Zergling x4  
  41  3:26  Zergling x2  
  43  3:39  Hatchery  
  42  3:45  Zergling x4  
  44  3:52  Overlord x2  
  44  3:56  Roach Warren  
  44  3:58  Zergling x2  
  45  4:14  Zergling x8  
  45  4:15  Zergling x4  
  50  4:17  Zergling x2  
  50  4:18  Zergling x4  
  53  4:28  Overlord x3  
  53  4:31  Baneling x4  
  53  4:35  Hatchery  
  47  4:51  Roach x5  
  46  4:57  Roach  
  46  4:58  Roach x2  
  49  5:01  Roach  
  49  5:04  Roach  
  53  5:08  Roach x2  
  57  5:16  Roach  
  57  5:18  Zergling x2  
  57  5:19  Zergling x2  
  61  5:28  Drone  
  61  5:29  Drone  
  61  5:32  Zergling x8  
  61  5:33  Zergling x4  
  69  5:39  Zergling x2  
  69  5:43  Zergling x2  
  69  5:44  Queen  
  69  5:47  Zergling x2  
  69  5:49  Zergling x2  
  74  5:55  Zergling x2  
  75  6:01  Roach x3  
  81  6:10  Roach  
  81  6:11  Roach x2  
  87  6:12  Zergling x2, Overlord  
  87  6:14  Zergling x2  
  89  6:22  Overlord  
  89  6:27  Overlord x2  
  89  6:40  Queen  
  89  6:41  Overlord  
  89  6:43  Zergling x8  
  89  6:45  Zergling x2  
  96  6:49  Zergling x4  
  96  6:51  Baneling  
  96  6:52  Baneling x2  
  96  6:53  Baneling  
  79  7:12  Roach x3  
  79  7:15  Zergling x12  
  81  7:16  Zergling x2  
  81  7:19  Zergling x2  
  81  7:20  Zergling x2  
  81  7:24  Zergling x2  
  81  7:25  Zergling x4  
  81  7:29  Zergling x4  
  83  7:31  Zergling x2  
  75  7:37  Drone  
  75  7:43  Drone x2  
  74  7:45  Drone  
  74  7:49  Drone  
  72  7:52  Drone  
  72  7:56  Roach  
  74  8:04  Roach x2  
  68  8:08  Roach  
  64  8:18  Zergling x6  
  63  8:26  Roach x2, Spine Crawler  
  60  8:27  Spine Crawler  
  60  8:28  Roach  
Tags
 
Add a new tag
Caveats
  • Supply blocks, unpowered buildings, or Contaminate may cause inaccurate times.
  • Supply counts are checked every 10 seconds.